AoeStats
← HD_Daniel

African Clearing

505796209Analyzed
4v4 RM · 21d ago on Sep 11, 2026· 42m 7s· 8 players
Game mode
Random Map
Map size
Large (8 player)
Population
200
Speed
Normal
Resources
Standard
Victory
Conquest
Starting age
Dark Age
Ending age
Imperial Age
RankedLock teamsTeams togetherTeam positionsShared explorationLock speedFull tech treeHidden civsTurbo modeCheats
Victory
Defeat
🇺🇸 Vietnamese · United States
1545
+10
🇦🇷 Maya · Argentina
1517
+11
🇨🇳 Mongols · China
1459
+13
🇺🇸 Gurjaras · United States
1443
+13
🇲🇽 Magyars · Mexico
1432
-13
🇲🇽 Mongols · Mexico
1422
-13
🇨🇴 Magyars · Colombia
1388
-11
🇲🇽 Koreans · Mexico
1357
-10
Jack Tyler
10:39 Loom
12:57 Feudal Age
13:34 Double-Bit Axe
15:19 Fishing Lines
24:38 Castle Age
23:29 Bloodlines
25:06 Wheelbarrow
24:46 Scale Barding Armor
25:34 Bow Saw
26:21 Husbandry
26:44 Gillnets
27:08 Horse Collar
29:44 Chain Barding Armor
31:49 Heavy Plow
32:01 Forging
37:46 Hand Cart
37:18 Town Watch
39:21 Kshatriyas
42:33 Imperial Age
42:35 Gold Mining
busy pushing deer
14:36 Feudal Age
18:21 Castle Age
16:40 Double-Bit Axe
16:58 Horse Collar
19:35 Bow Saw
22:27 Fletching
22:31 Fishing Lines
24:43 Bodkin Arrow
25:55 Ballistics
28:32 Heavy Plow
29:43 Loom
30:35 Wheelbarrow
29:45 Town Watch
30:41 Gillnets
31:58 Padded Archer Armor
32:14 Chatras
32:24 Gold Mining
37:57 Imperial Age
35:46 Hand Cart
35:57 Thumb Ring
39:22 Paper Money
39:06 Bracer
39:22 Leather Archer Armor
40:09 Two-Man Saw
41:00 Chemistry
42:11 Ring Archer Armor
41:46 Scale Barding Armor
41:25 Elite Rattan Archer
爆汁番茄
6:34 Loom
13:30 Feudal Age
14:41 Double-Bit Axe
21:47 Castle Age
20:56 Horse Collar
26:16 Elite Skirmisher
27:32 Bow Saw
27:43 Fletching
27:57 Padded Archer Armor
[TUC] Fachirichi
9:48 Loom
11:56 Feudal Age
16:14 Castle Age
14:56 Double-Bit Axe
15:14 Scale Mail Armor
16:20 Eagle Warrior
19:29 Squires
19:51 Forging
29:47 Horse Collar
31:25 Fletching
36:32 Bow Saw
37:31 Heavy Plow
39:20 Bodkin Arrow
45:13 Imperial Age
chentever.twitch
3:56 Loom
12:47 Feudal Age
17:22 Castle Age
15:46 Double-Bit Axe
16:53 Fletching
HD_Daniel
9:58 Loom
12:18 Feudal Age
13:00 Double-Bit Axe
21:52 Castle Age
20:46 Scale Barding Armor
21:33 Fletching
40:57 Pikeman
AM | Tailor
8:52 Loom
9:29 Loom
11:44 Feudal Age
12:28 Double-Bit Axe
12:44 Horse Collar
15:48 Horse Collar
19:00 Scale Barding Armor
21:38 Wheelbarrow
24:42 Castle Age
23:50 Bloodlines
23:33 Gold Mining
25:42 Bow Saw
25:56 Chain Barding Armor
25:41 Husbandry
25:48 Light Cavalry
34:42 Town Watch
35:56 Hand Cart
38:15 Heavy Plow
38:52 Gold Shaft Mining
38:07 Stone Mining
41:50 Imperial Age
39:56 Gold Shaft Mining
41:55 Cavalier
43:14 Plate Barding Armor
Mr_Mantequilla
7:59 Loom
12:35 Feudal Age
17:20 Castle Age
16:29 Bloodlines
16:09 Double-Bit Axe
17:34 Bloodlines
17:36 Forging
23:13 Iron Casting
27:08 Scale Barding Armor
33:04 Bow Saw
33:09 Horse Collar
35:51 Chain Barding Armor
37:03 Light Cavalry
38:32 Heavy Plow
39:02 Husbandry
40:10 Wheelbarrow
42:17 Hand Cart
Connection lost

Rejoining the realm…

Still unreachable

The connection could not be restored.

Session expired

The server has moved on; the page needs a fresh start.